 Dungeon Crawl Stone Soup version 0.30.0-15-g856e2d3f33 (webtiles) character file.

Game seed: 6511699087719591611

68 hito the Chopper (level 4, 0/40 HPs)
             Began as a Hill Orc Monk on May 19, 2023.
             Slain by bmack86's ghost (1 damage)
             ... on level 3 of the Dungeon.
             The game lasted 00:02:57 (1324 turns).

hito the Chopper (Hill Orc Monk)                    Turns: 1324, Time: 00:02:58

Health: 0/40       AC:  4    Str: 15    XL:     4   Next: 19%
Magic:  4/4        EV: 12    Int: 10    God:
Gold:   123        SH:  0    Dex: 13    Spells: 3/3 levels left

rFire   . . .        a - +1 hand axe
rCold   . . .        d - orb {light}
rNeg    . . .        f - +1 leather armour
rPois   .            (no helmet)
rElec   .            (no cloak)
rCorr   .            (no gloves)
SInv    .            (no boots)
Will    .....        (no amulet)
Stlth   +            (no ring)
HPRegen 0.26/turn    (no ring)
MPRegen 0.09/turn

%: no passive effects
@: glowing, invisible (but backlit and visible)
A: no striking features
a: no special abilities


You were on level 3 of the Dungeon.
You visited 1 branch of the dungeon, and saw 3 of its levels.

You collected 123 gold pieces.

Inventory:

Hand Weapons
 a - a +1 hand axe (weapon)
Missiles
 g - 6 boomerangs (quivered)
Armour
 b - a +0 robe
 d - an orb of light (worn)
 f - a +1 leather armour (worn)
Scrolls
 j - a scroll of vulnerability {unknown}
Potions
 c - a potion of ambrosia
 h - a potion of attraction {unknown}
 i - a potion of mutation {unknown}


   Skills:
 - Level 4.0 Fighting
 + Level 6.3 Axes
 - Level 2.4 Dodging


You had 3 spell levels left.
You didn't know any spells.
Your spell library contained the following spells:

 Spells                   Type           Power      Damage    Failure   Level
 Apportation              Tloc           0%         N/A       43%         1
 Necrotise                Necr           0%         1d4       43%         1
 Summon Small Mammal      Summ           0%         N/A       43%         1


Dungeon Overview and Level Annotations

Branches:
Dungeon (3/15)

Altars:
Yredelemnul

Shops:
D:2 [

Annotations:
D:3 bmack86's ghost, amateur MiFi


Message History

The hound zombie is heavily damaged.
The hound zombie bites you but does no damage.
You slash the hound zombie!
The hound zombie is almost destroyed.
The hound zombie barely misses you.
You barely miss the hound zombie.
The hound zombie is almost destroyed.
The hound zombie bites you.
The hound zombie bites you but does no damage.
You barely miss the hound zombie.
The hound zombie is almost destroyed.
The hound zombie barely misses you.
You hit the hound zombie.
You destroy the hound zombie!
You have reached level 4!
You open the gate.
Bmack86's ghost hits you but does no damage.
You barely miss bmack86's ghost. Bmack86's ghost hits you!
Bmack86's ghost freezes you.
It was a potion of invisibility.
You become transparent, but the glow from your halo prevents you from becoming completely invisible.
Bmack86's ghost hits you! Bmack86's ghost freezes you.
* * * LOW HITPOINT WARNING * * *
Unknown command.
Press: ? - help, v - describe, . - travel
Here: bmack86's ghost, wielding a weapon of freezing (haloed)
An open translucent gate.
You aren't wearing any rings or amulets.
Bmack86's ghost hits you.
Keep disrobing?
* * * LOW HITPOINT WARNING * * *
Bmack86's ghost freezes you.
* * * LOW HITPOINT WARNING * * *
You start removing your armour.
You continue taking off your orb of light.
Bmack86's ghost says, "Ah, a second chance to prove myself in battle!"
Bmack86's ghost hits you.
* * * LOW HITPOINT WARNING * * *
Bmack86's ghost freezes you.
You die...

#.#.#.......#..............
..#......##.#.........#####
.......######'#########
[...... #.#### .......
#....### ...... ####.#.##
...... #).'....# #:.W.._)#
#$.'@...# ####.#.##
#....### #)#### #+


You could see bmack86's ghost.

Vanquished Creatures
  A hound zombie (D:3)
  A dart slug (D:1)
  3 orcs (D:3)
  2 bats
  5 endoplasms
  6 goblins
  10 hobgoblins
  A kobold (D:1)
  A quokka (D:3)
  4 ball pythons
  A frilled lizard (D:1)
  A jackal zombie (D:3)
  9 rats
45 creatures vanquished.

Notes
Turn   | Place    | Note
-------+----------+-------------------------------------------
     0 | D:1      | hito the Hill Orc Monk began the quest for the Orb.
     0 | D:1      | Reached XP level 1. HP: 19/19 MP: 1/1
   128 | D:1      | Reached XP level 2. HP: 13/27 MP: 2/2
   390 | D:1      | Found a faded altar of an unknown god.
   470 | D:1      | Reached skill level 5 in Axes
   491 | D:1      | Reached XP level 3. HP: 33/33 MP: 3/3
  1104 | D:2      | Found Vosoll's Antique Armour Shop.
  1140 | D:2      | You fall into a shaft and drop 1 floor!
  1278 | D:3      | Reached skill level 6 in Axes
  1302 | D:3      | Found a runed translucent gate.
  1302 | D:3      | Found a runed translucent gate.
  1302 | D:3      | Found a runed translucent gate.
  1302 | D:3      | Noticed bmack86's ghost (amateur MiFi)
  1303 | D:3      | Found a basalt altar of Yredelemnul.
  1318 | D:3      | Reached XP level 4. HP: 38/40 MP: 4/4
  1324 | D:3      | HP: 1/40 [bmack86's ghost (2)]
  1324 | D:3      | Slain by bmack86's ghost

Illustrated notes

Levels and vault maps discovered:
D:1:      roderic_crop_circles_arrival_small, layout_basic,
          shapermc_ecumenical_altar_venn
D:2:      layout_loops_corners, serial_shops, nicolae_shop_waterfront
D:3:      layout_rooms, nicolae_yredelemnul_ghost_church,
          mainiacjoe_overflow_brackets, gup_sewer_entry_glass, minivault_23

Skill      XL: |  1  2  3 |
---------------+----------+-----
Fighting       | 4 |  4.0
Axes           | 5 6 |  6.3
Dodging        | |  2.4

Action                     |  1- 3 |  4- 6 || total
---------------------------+-------+-------++-------
  Melee: Hand axe          |   115 |     1 ||   116
    Use: Scroll            |     5 |       ||     5
         Potion            |       |     1 ||     1
 Armour: Leather armour    |    29 |     1 ||    30
  Dodge: Dodged            |    54 |       ||    54
